 Dungeon Crawl Stone Soup version 0.26.1-11-gd32895ea62 (webtiles) character file.

Game seed: 15062810980915176921

55 DildoBatman the Conjurer (level 4, -2/30 HPs)
             Began as a Formicid Conjurer on July 10, 2021.
             Slain by an adder (5 damage)
             ... on level 3 of the Dungeon.
             The game lasted 00:02:33 (1120 turns).

DildoBatman the Conjurer (Formicid Conjurer)        Turns: 1120, Time: 00:02:33

Health: -2/30      AC:  2    Str: 12    XL:     4   Next: 14%
Magic:  3/7        EV: 12    Int: 17    God:
Gold:   88         SH:  0    Dex: 10    Spells: 4/7 levels left

rFire    . . .     SeeInvis +   i - +0 hand axe (curse)
rCold    . . .     Faith    .   (no shield)
rNeg     . . .     Spirit   .   a - +0 robe
rPois    .         Reflect  .   (helmet unavailable)
rElec    .         Harm     .   (no cloak)
rCorr    .         Rampage  .   (no gloves)
Will     .....                  (no boots)
Stlth    ++........             (no amulet)
HPRegen  0.10/turn              (no ring)
MPRegen  0.10/turn              (no ring)

@: lethally poisoned (-2 -> -4)
A: permanent stasis, dig shafts and tunnels, four strong arms, antennae 3
a: Dig, Shaft Self


You were on level 3 of the Dungeon.
You visited 1 branch of the dungeon, and saw 3 of its levels.

You collected 88 gold pieces.

Inventory:

Hand Weapons
 i - a cursed +0 hand axe (weapon)
Missiles
 b - 12 sling bullets
 d - 66 stones
 e - 22 bolts
 l - 27 arrows
Armour
 a - a +0 robe (worn)
Scrolls
 c - 2 scrolls of remove curse {unknown}
 f - a scroll of enchant weapon {unknown}
 m - a scroll of random uselessness {unknown}
 n - a scroll of identify {unknown}
Potions
 g - a potion of might {unknown}
 h - a potion of attraction {unknown}
 j - 2 potions of haste {unknown}
 k - a potion of curing {unknown}


   Skills:
 - Level 1.7 Dodging
 - Level 2.4 Stealth
 - Level 2.1 Spellcasting
 * Level 4.9 Conjurations


You had 4 spell levels left.
You knew the following spells:

 Your Spells              Type           Power        Failure   Level
a - Searing Ray           Conj           36%          3%          2
c - Magic Dart            Conj           72%          2%          1

Your spell library contained the following spells:

 Spells                   Type           Power        Failure   Level
 Dazzling Flash           Conj/Hex       20%          21%         3
 Fulminant Prism          Conj/Hex       5%           56%         4
 Iskenderun's Mystic Bla  Conj/Tloc      10%          56%         4


Dungeon Overview and Level Annotations

Branches:
Dungeon (2/15)

Altars:
Nemelex Xobeh


Innate Abilities, Weirdness & Mutations

You cannot be hasted, slowed, berserked, paralysed or teleported.
You can dig through walls and to a lower floor.
Your four strong arms can wield two-handed weapons with a shield.
You have a pair of large antennae on your head. (SInv)


Message History

Orders for allies: a - Attack new target. r - Retreat! s - Stop attacking. g - Guard the area. f - Follow me.
Anything else - Cancel.
You shout for attention!
You feel sick.
A jackal comes into view.
The hobgoblin hits you with a +0 club. The orc barely misses you.
The adder bites you. What are your orders? t - Shout!
Orders for allies: a - Attack new target. r - Retreat! s - Stop attacking. g - Guard the area. f - Follow me.
Anything else - Cancel.
You shout for attention!
The hobgoblin hits you but does no damage.
The adder bites you.
You die... .....<. ..... ..h.. #!..# #...# #...# #gSo#

#@#
........#
##......#
#......#
#......#
######..
###


You could see an adder, an orc, a jackal and a hobgoblin.

Vanquished Creatures
  An adder (D:2)
  4 dart slugs
  2 leopard geckos (D:1)
  A giant cockroach (D:1)
  4 goblins
  6 hobgoblins (D:1)
  3 jackals (D:2)
  A quokka (D:2)
  2 bats (D:1)
  3 frilled lizards (D:1)
  2 kobolds
  5 rats
34 creatures vanquished.

Notes
Turn   | Place    | Note
-------+----------+-------------------------------------------
     0 | D:1      | DildoBatman the Formicid Conjurer began the quest for the
                  | Orb.
     0 | D:1      | Reached XP level 1. HP: 13/13 MP: 3/3
   149 | D:1      | Reached XP level 2. HP: 16/19 MP: 3/5
   150 | D:1      | Reached skill level 4 in Conjurations
   153 | D:1      | Learned a level 2 spell: Searing Ray
   494 | D:1      | Reached XP level 3. HP: 13/24 MP: 3/6
  1090 | D:2      | Found a sparkling altar of Nemelex Xobeh.
  1106 | D:2      | Reached XP level 4. HP: 20/30 MP: 1/7
  1108 | D:2      | You fall into a shaft and drop 1 floor!
  1120 | D:3      | Slain by an adder

Illustrated notes

Levels and vault maps discovered:
D:1:      giann_bridges, layout_loops_corners, minmay_misc_feat_tower,
          minmay_tromino_i4
D:2:      layout_rooms, lemuel_crystal_altar
D:3:      layout_basic, minitemple, chequers_avenue, amcnicky_mini_pool_small,
          minmay_statues_item, hangedman_feature_mirror

Skill      XL: |  1  2 |
---------------+-------+-----
Conjurations   | 4 |  4.9
Dodging        | |  1.7
Stealth        | |  2.4
Spellcasting   | |  2.1

Action                   |  1- 3 |  4- 6 || total
-------------------------+-------+-------++-------
Melee: Unarmed           |     4 |       ||     4
       Hand axe          |    34 |       ||    34
 Cast: Magic Dart        |    21 |       ||    21
       Searing Ray       |    11 |       ||    11
 Abil: Shaft Self        |       |     1 ||     1
 Stab: Sleeping          |     1 |       ||     1
Armor: Robe              |     9 |     1 ||    10
Dodge: Dodged            |    38 |     7 ||    45
